 Dungeon Crawl Stone Soup version 0.29.1-15-g9cfb28693d (webtiles) character file.

Game seed: 8586397279191436653

310 firemarshallily the Ducker (level 6, -2/105 HPs)
             Began as a Gnoll Wanderer on Apr 17, 2023.
             Slain by a scorpion (5 damage)
             ... on level 4 of the Dungeon.
             The game lasted 00:08:55 (3514 turns).

firemarshallily the Ducker (Gnoll Wanderer)         Turns: 3514, Time: 00:08:55

Health: -2/105     AC: 23    Str: 10    XL:     6   Next: 41%
Magic:  11/11      EV:  2    Int: 13    God:
Gold:   73         SH:  0    Dex: 13    Spells: 10/11 levels left

rFire   . . .      SeeInvis .   i - +2 dagger (speed)
rCold   . . .      Faith    .   (no shield)
rNeg    . . .      Spirit   .   (body armour currently unavailable)
rPois   +          Reflect  .   (helmet currently unavailable)
rElec   .          Harm     .   (cloak currently unavailable)
rCorr   .          Rampage  .   (gloves currently unavailable)
Will    .....      NoTele   +   (boots currently unavailable)
Stlth   ..........              (no amulet)
HPRegen 0.27/turn               (no ring)
MPRegen 0.12/turn               (no ring)

@: mighty, berserking, lethally poisoned (-2 -> -4), tree-form, very quick
A: stationary, stasis, torment immunity, boosted hp, (fangs 1), strong nose,
distributed training
a: no special abilities


You were on level 4 of the Dungeon.
You were a tree.
You visited 1 branch of the dungeon, and saw 5 of its levels.

You collected 73 gold pieces.

Inventory:

Hand Weapons
 a - a +0 flail
 i - a +2 dagger of speed (weapon)
Missiles
 e - 24 stones
 p - 5 atropa-tipped darts
Armour
 b - a +0 helmet (melded)
 d - a +0 robe (melded)
 n - a scarf of invisibility (melded)
 q - a +0 pair of boots (melded)
Scrolls
 g - a scroll of enchant weapon {unknown}
 j - a scroll of immolation {unknown}
 l - 2 scrolls of amnesia
 m - a scroll of poison {unknown}
 o - a scroll of identify {unknown}
Potions
 c - a potion of attraction
 h - a potion of lignification


   Skills:
 + Level 3.3 Fighting
 + Level 2.0 Short Blades
 + Level 2.0 Long Blades
 + Level 2.0 Axes
 + Level 5.0 Maces & Flails
 + Level 2.0 Polearms
 + Level 2.0 Staves
 + Level 2.0 Ranged Weapons
 + Level 2.0 Throwing
 + Level 2.0 Armour
 + Level 6.8 Dodging
 + Level 3.1 Stealth
 + Level 2.0 Shields
 + Level 2.0 Unarmed Combat
 + Level 3.4 Spellcasting
 + Level 1.6 Conjurations
 + Level 1.6 Hexes
 + Level 4.1 Summonings
 + Level 1.6 Necromancy
 + Level 1.6 Translocations
 + Level 1.6 Transmutations
 + Level 1.6 Fire Magic
 + Level 1.6 Ice Magic
 + Level 1.6 Air Magic
 + Level 1.6 Earth Magic
 + Level 1.6 Poison Magic
 + Level 2.2 Invocations
 + Level 2.0 Evocations


You had 10 spell levels left.
You knew the following spells:

 Your Spells              Type           Power      Damage    Failure   Level
a - Summon Small Mammal   Summ           52%        N/A       4%          1

Your spell library contained the following spells:

 Spells                   Type           Power      Damage    Failure   Level
 Call Canine Familiar     Summ           13%        N/A       12%         3
 Blink                    Tloc           12%        N/A       17%         2
 Static Discharge         Conj/Air       6%         3-4/arc   17%         2
 Lesser Beckoning         Tloc           6%         N/A       34%         3
 Lightning Bolt           Conj/Air       3%         1d14      97%         5
 Manifold Assault         Tloc           6%         N/A       97%         5
 Maxwell's Capacitive Co  Air            3%         ∞         100%        8


Dungeon Overview and Level Annotations

Branches:
Dungeon (5/15)
 Temple: D:4-7

Altars:

Annotations:
D:5 Sigmund


Innate Abilities, Weirdness & Mutations

You are a tree.
Your roots penetrate the ground, keeping you stationary.
You cannot be teleported.
You are immune to unholy pain and torment.
Your maximum health is greatly increased.
Your equipment is partially melded.
((You have very sharp teeth.))
Your uncanny sense of smell can sniff out nearby items.
Your experience applies equally to all skills.


Message History

The scorpion is lightly wounded.
You feel sick.
Your rat closely misses the scorpion.
The scorpion closely misses you.
Your rat bites the scorpion but does no damage.
You hit the scorpion.
The scorpion is moderately wounded.
You feel sick.
Your rat bites the scorpion but does no damage.
You barely miss the scorpion.
The scorpion is moderately wounded.
You feel sick. The scorpion stings you!
* * * LOW HITPOINT WARNING * * *
Your rat barely misses the scorpion.
It was a potion of lignification.
You turn into a tree.
Your scarf of invisibility melds into your body.
Your +0 helmet melds into your body.
Your +0 pair of boots melds into your body.
Your +0 robe melds into your body.
Your roots penetrate the ground.
* * * LOW HITPOINT WARNING * * *
You feel sick. The scorpion barely misses you.
Your rat closely misses the scorpion.
Your rat bites the scorpion but does no damage.
It was a potion of magic.
Magic courses through your body.
* * * LOW HITPOINT WARNING * * *
You feel sick.
The scorpion stings you but does no damage.
Your rat closely misses the scorpion.
Your rat bites the scorpion but does no damage.
It was a potion of might.
You feel very mighty all of a sudden.
* * * LOW HITPOINT WARNING * * *
You feel sick.
The scorpion stings you but does no damage.
Your rat barely misses the scorpion. x2
The scorpion stings you but does no damage.
A red film seems to cover your vision as you go berserk!
You feel yourself moving faster!
You feel mighty!
* * * LOW HITPOINT WARNING * * *
You feel sick.
Your rat closely misses the scorpion.
The scorpion stings you.
You die...

# #. #.###########
#............
#..r♣........
#..rs........ #
#.#.#.#########.. #
#.#...........#####
#.#...........#....
#.#..†........#...
..#..†...####.#..#
..######.# #.#..#.
.. #.# #.#...


You could see a scorpion (ally target) and 2 friendly rats.

Vanquished Creatures
  A necrophage (D:4)
  A scorpion (D:4)
  Robin (D:4)
  4 gnolls
  3 adders
  A shadow imp (D:5)
  An ufetubus (D:4)
  3 worms
  A dart slug (D:2)
  2 orcs (D:3)
  3 endoplasms
  3 giant cockroaches (D:1)
  12 goblins
  7 hobgoblins
  5 kobolds
  4 quokkas
  3 ball pythons
  4 bats
  3 frilled lizards
62 creatures vanquished.

Vanquished Creatures (collateral kills)
  2 adders (D:2)
  A dart slug (D:3)
  An endoplasm (D:2)
  A ball python (D:2)
  4 bats
  A frilled lizard (D:2)
10 creatures vanquished.

Grand Total: 72 creatures vanquished

Notes
Turn   | Place    | Note
-------+----------+-------------------------------------------
     0 | D:1      | firemarshallily the Gnoll Wanderer began the quest for the
                  | Orb.
     0 | D:1      | firemarshallily set off with the following items: a +0
                  | flail, a +0 helmet, a potion of attraction, a +0 robe; and
                  | the following spell memorised: Summon Small Mammal; and the
                  | following spells available to memorise: Call Canine
                  | Familiar.
     0 | D:1      | Reached XP level 1. HP: 17/17 MP: 4/4
   144 | D:1      | Reached XP level 2. HP: 18/23 MP: 5/5
   717 | D:1      | Reached XP level 3. HP: 28/28 MP: 7/7
  1181 | D:2      | Reached skill level 1 in Invocations
  1223 | D:2      | Reached skill level 1 in Short Blades
  1223 | D:2      | Reached skill level 1 in Long Blades
  1223 | D:2      | Reached skill level 1 in Axes
  1223 | D:2      | Reached skill level 1 in Polearms
  1223 | D:2      | Reached skill level 1 in Staves
  1223 | D:2      | Reached skill level 1 in Ranged Weapons
  1223 | D:2      | Reached skill level 1 in Throwing
  1223 | D:2      | Reached skill level 1 in Armour
  1223 | D:2      | Reached skill level 1 in Shields
  1223 | D:2      | Reached skill level 1 in Unarmed Combat
  1223 | D:2      | Reached skill level 1 in Evocations
  1403 | D:2      | Reached XP level 4. HP: 29/34 MP: 6/8
  1954 | D:2      | Reached skill level 1 in Conjurations
  1954 | D:2      | Reached skill level 1 in Hexes
  1954 | D:2      | Reached skill level 1 in Necromancy
  1954 | D:2      | Reached skill level 1 in Translocations
  1954 | D:2      | Reached skill level 1 in Transmutations
  1954 | D:2      | Reached skill level 1 in Fire Magic
  1954 | D:2      | Reached skill level 1 in Ice Magic
  1954 | D:2      | Reached skill level 1 in Air Magic
  1954 | D:2      | Reached skill level 1 in Earth Magic
  1954 | D:2      | Reached skill level 1 in Poison Magic
  2682 | D:3      | You fall into a shaft and drop 2 floors!
  2682 | D:5      | Entered Level 5 of the Dungeon
  2685 | D:5      | Noticed Sigmund
  2712 | D:5      | Reached XP level 5. HP: 8/40 MP: 6/9
  3079 | D:4      | Noticed Robin
  3151 | D:4      | Killed Robin
  3175 | D:4      | Reached XP level 6. HP: 31/47 MP: 6/11
  3361 | D:4      | Reached skill level 5 in Maces & Flails
  3512 | D:4      | HP: 3/70 [poisoned by a scorpion]
  3514 | D:4      | Slain by a scorpion

Illustrated notes

Levels and vault maps discovered:
D:1:      psy_arrival_dodecagon, layout_basic
D:2:      layout_basic
D:3:      gammafunk_steamed_eel, layout_basic,
          mainiacjoe_overflow_cross_hatched, nicolae_ecumenical_lake_church,
          uniq_grinder
D:4:      layout_basic, chequers_mini_garden, uniq_robin, uniq_blork_the_orc,
          uniq_edmund, uniq_pargi
D:5:      minmay_bubble_buster, layout_loops_ring,
          grunt_temple_overflow_cloverleaf, beargit_hepliaklqana_dungeon_heroes,
          grunt_decor_clamped, uniq_pikel, uniq_duvessa, uniq_sigmund

Skill      XL: |  1  2  3  4  5  6 |
---------------+-------------------+-----
Invocations    | 1 2 |  2.2
Short Blades   | 1 2 |  2.0
Long Blades    | 1 2 |  2.0
Axes           | 1 2 |  2.0
Polearms       | 1 2 |  2.0
Staves         | 1 2 |  2.0
Ranged Weapons | 1 2 |  2.0
Throwing       | 1 2 |  2.0
Armour         | 1 2 |  2.0
Shields        | 1 2 |  2.0
Unarmed Combat | 1 2 |  2.0
Evocations     | 1 2 |  2.0
Spellcasting   | 3 |  3.4
Conjurations   | 1 |  1.6
Hexes          | 1 |  1.6
Necromancy     | 1 |  1.6
Translocations | 1 |  1.6
Transmutations | 1 |  1.6
Fire Magic     | 1 |  1.6
Ice Magic      | 1 |  1.6
Air Magic      | 1 |  1.6
Earth Magic    | 1 |  1.6
Poison Magic   | 1 |  1.6
Fighting       | 3 |  3.3
Summonings     | 4 |  4.1
Stealth        | 3 |  3.1
Maces & Flails | 5 |  5.0
Dodging        | |  6.8

Action                   |  1- 3 |  4- 6 || total
-------------------------+-------+-------++-------
Melee: Flail             |    16 |       ||    16
       Bite              |    12 |    20 ||    32
       Punch             |     1 |     4 ||     5
       Dagger            |    98 |   177 ||   275
 Cast: Summon Small Mamm |    15 |    37 ||    52
  Use: Scroll            |       |     3 ||     3
       Potion            |       |     5 ||     5
 Stab: Sleeping          |     2 |     4 ||     6
       Distracted        |     1 |       ||     1
Armor: Robe              |    22 |    20 ||    42
       Skin              |       |     3 ||     3
Dodge: Dodged            |    63 |   123 ||   186
